 Dungeon Crawl Stone Soup version 0.28-a0-1510-gd0f6b136d3 (webtiles) character file.

Game seed: 1847240807534258190

1537 horus123 the Fighter (level 8, -4/68 HPs)
             Began as a Merfolk Ice Elementalist on Jan 14, 2022.
             Was a Follower of Lugonu.
             Slain by a gnoll (6 damage)
             ... on level 7 of the Dungeon.
             The game lasted 00:22:25 (9258 turns).

horus123 the Fighter (Merfolk Ice Elementalist)     Turns: 9258, Time: 00:22:27

Health: -4/68      AC:  8    Str:  8    XL:     8   Next: 86%
Magic:  10/12      EV:  8    Int: 17    God:    Lugonu [*.....]
Gold:   3          SH: 12    Dex: 14    Spells: 2/13 levels left

rFire   x x .      SeeInvis .   e - +2 rapier
rCold   + + .      Faith    .   u - +0 tower shield {AC+3}
rNeg    . . .      Spirit   .   d - +2 robe
rPois   .          Reflect  .   (no helmet)
rElec   .          Harm     .   r - scarf {repulsion}
rCorr   .          Rampage  .   p - +0 pair of gloves
Will    .....                   (no boots)
Stlth   ++........              (no amulet)
HPRegen 0.21/turn               j - ring of ice
MPRegen 0.13/turn               s - ring of ice

@: repel missiles
A: (nimble swimmer 2), mertail
a: Renounce Religion, Depart the Abyss


You were on level 7 of the Dungeon.
You worshipped Lugonu.
Lugonu was aware of your devotion.
You visited 2 branches of the dungeon, and saw 8 of its levels.

You collected 282 gold pieces.
You spent 279 gold pieces at shops.

Inventory:

Hand Weapons
 e - a +2 rapier (weapon)
 q - a +0 halberd
Missiles
 b - 186 stones
 h - 4 javelins
Armour
 a - a +0 robe
 d - a +2 robe (worn)
 m - the +1 ring mail "Pidy" {rElec}
   (You found it on level 4 of the Dungeon)

   rElec:     It insulates you from electricity.
 p - a +0 pair of gloves (worn)
 r - a scarf of repulsion (worn)
 u - a +0 tower shield of protection (worn)
Magical Staves
 l - a staff of earth
Jewellery
 j - a ring of ice (left hand)
 s - a ring of ice (right hand)
Wands
 g - a wand of paralysis (4)
 k - a wand of mindburst (10)
Scrolls
 c - a scroll of fog
 v - a scroll of fear
 w - a scroll of teleportation
Potions
 f - a potion of curing
 i - a potion of brilliance {unknown}
 n - a potion of ambrosia {unknown}
 o - 3 potions of magic {unknown}
 t - a potion of haste {unknown}
 x - 2 potions of degeneration {unknown}


   Skills:
 - Level 8.3 Fighting
 - Level 6.1 Short Blades
 - Level 2.6 Dodging
 - Level 3.0 Stealth
 + Level 2.9 Shields
 - Level 3.0 Spellcasting
 - Level 5.3 Ice Magic


You had 2 spell levels left.
You knew the following spells:

 Your Spells              Type           Power      Damage    Failure   Level
a - Freeze                Ice            100%       1d11      26%         1
b - Frozen Ramparts       Ice            92%        1d11      61%         3
c - Ozocubu's Armour      Ice            46%        N/A       61%         3
d - Hailstorm             Conj/Ice       26%        3d7       100%        4

Your spell library contained the following spells:

 Spells                   Type           Power      Damage    Failure   Level
 Ozocubu's Refrigeration  Ice            23%        4d9       100%        7


Dungeon Overview and Level Annotations

Branches:
Dungeon (7/15)             Temple (1/1) D:6

Altars:
Ashenzari
Cheibriados
Elyvilon
Makhleb
Nemelex Xobeh
Okawaru
Qazlal
Sif Muna
Trog
Uskayaw
Wu Jian
Xom
Zin
Lugonu

Shops:
D:1 ?   D:3 [

Annotations:
D:3 3 runed translucent doors, ticklebelly's ghost, amateur MiBe


Innate Abilities, Weirdness & Mutations

((You are very nimble when in or above water. (Stealth+, EV+, Speed+++)))
Your lower body shifts to a powerful aquatic tail in water.


Message History

The gnoll barely misses you. x2
You hit the gnoll.
The gnoll is lightly wounded.
You block the gnoll's attack. The gnoll barely misses you.
You hit the gnoll.
The gnoll is heavily wounded.
You block the gnoll's attack. The gnoll hits you with a +0 halberd.
* * * LOW HITPOINT WARNING * * *
You barely miss the gnoll.
The gnoll is heavily wounded.
You block the gnoll's attack. The gnoll barely misses you.
The gnoll hits you from afar with a +0 spear.
* * * LOW HITPOINT WARNING * * *
The gnoll hits you but does no damage.
You puncture the gnoll!
You kill the gnoll!
Lugonu accepts your kill.
The gnoll hits you from afar with a +0 spear.
* * * LOW HITPOINT WARNING * * *
You block the gnoll's attack. The gnoll closely misses you.
You block the gnoll's attack.
You see here a +0 halberd.
You puncture the gnoll!
The gnoll is severely wounded.
The gnoll hits you but does no damage. x3; You block the gnoll's attack.
The gnoll hits you but does no damage.
You hit the gnoll.
The gnoll is severely wounded.
You block the gnoll's attack. The gnoll misses you.
The gnoll hits you from afar with a +0 spear.
* * * LOW HITPOINT WARNING * * *
The gnoll closely misses you.
You hit the gnoll.
You kill the gnoll!
Lugonu accepts your kill.
You are no longer glowing.
The gnoll hits you from afar with a +0 spear.
* * * LOW HITPOINT WARNING * * *
The gnoll hits you from afar with a +0 spear.
You die...

#######.##....#
#.##..### #.##..#
#.##.g# #.##.g#
#.##..# #.##..#
#.##.g################
#.##.g)@............<#
#.##.#################
#.##.# #....# ####.#
###


You could see 2 gnolls.

Vanquished Creatures
  Prince Ribbit (D:6)
  A sky beast (D:7)
  A black bear (D:4)
  2 necrophages (D:5)
  A phantom (D:3)
  A bullfrog (D:6)
  2 scorpions
  A water moccasin zombie (D:5)
  5 wights
  2 bullfrog zombies (D:6)
  An orc priest (D:6)
  A centaur skeleton (D:6)
  A gnoll shaman (D:7)
  A hound (D:4)
  2 jellies
  An orc wizard (D:6)
  A hound skeleton (D:4)
  5 gnolls
  7 adders
  An adder skeleton (D:4)
  14 orcs
  9 bats
  3 endoplasms
  A giant cockroach (D:2)
  3 goblins
  8 hobgoblins
  8 jackals (D:1)
  5 kobolds
  4 quokkas
  6 ball pythons
  6 frilled lizards
  4 rats
109 creatures vanquished.

Notes
Turn   | Place    | Note
-------+----------+-------------------------------------------
     0 | D:1      | horus123 the Merfolk Ice Elementalist began the quest for
                  | the Orb.
     0 | D:1      | Reached XP level 1. HP: 13/13 MP: 3/3
   113 | D:1      | Reached skill level 1 in Fighting
   158 | D:1      | Reached XP level 2. HP: 15/22 MP: 1/5
   181 | D:1      | Reached skill level 2 in Fighting
  1022 | D:1      | Reached XP level 3. HP: 23/28 MP: 3/6
  1186 | D:1      | Found Mideust's Magic Scroll Shop.
  1730 | D:2      | Reached skill level 5 in Ice Magic
  2199 | D:2      | Reached XP level 4. HP: 23/34 MP: 1/7
  2967 | D:3      | Reached skill level 1 in Short Blades
  3186 | D:3      | Learned a level 3 spell: Frozen Ramparts
  3190 | D:3      | Learned a level 3 spell: Ozocubu's Armour
  3312 | D:3      | Found Osaiss's Antique Armour Shop.
  3355 | D:3      | Found a faded altar of an unknown god.
  3412 | D:3      | Noticed a phantom
  3555 | D:4      | Reached XP level 5. HP: 38/39 MP: 2/8
  3728 | D:4      | Reached skill level 3 in Fighting
  4107 | D:4      | Noticed a black bear
  4116 | D:4      | Killed a black bear
  4117 | D:4      | Reached skill level 4 in Fighting
  4117 | D:4      | Reached XP level 6. HP: 14/49 MP: 0/9
  4558 | D:4      | Found a snail-covered altar of Cheibriados.
  4588 | D:4      | Identified the +1 ring mail "Pidy" {rElec}
  4977 | D:3      | Found a runed translucent gate.
  4978 | D:3      | Found a runed translucent gate.
  4979 | D:3      | Found a runed translucent gate.
  4981 | D:3      | Noticed ticklebelly's ghost (amateur MiBe)
  5233 | D:3      | Reached skill level 5 in Fighting
  5393 | D:5      | Entered Level 5 of the Dungeon
  5457 | D:5      | Noticed a necrophage
  5594 | D:5      | Reached XP level 7. HP: 52/56 MP: 9/11
  5654 | D:5      | Found a bloodstained altar of Trog.
  5741 | D:5      | Learned a level 4 spell: Hailstorm
  6364 | D:5      | Reached skill level 5 in Short Blades
  6604 | D:6      | Found a staircase to the Ecumenical Temple.
  7031 | Temple   | Entered the Ecumenical Temple
  7194 | Temple   | Became a worshipper of Lugonu the Unformed
  7194 | Temple   | Reached * piety under Lugonu
  7250 | D:6      | Reached XP level 8. HP: 46/64 MP: 9/12
  7327 | D:3      | Bought an embroidered robe for 92 gold pieces
  7447 | D:6      | Reached skill level 6 in Fighting
  7608 | D:6      | Found a stormy altar of Qazlal.
  7609 | D:6      | Noticed a water elemental
  7614 | D:6      | Noticed an air elemental
  8327 | D:6      | Noticed Prince Ribbit
  8332 | D:6      | Killed Prince Ribbit
  8333 | D:6      | Reached skill level 7 in Fighting
  8698 | D:6      | Found a white marble altar of Elyvilon.
  8771 | D:6      | Reached skill level 8 in Fighting
  9010 | D:3      | Bought a runed tower shield for 187 gold pieces
  9164 | D:7      | Reached skill level 1 in Shields
  9258 | D:7      | HP: 2/68 [gnoll (2)]
  9258 | D:7      | Slain by a gnoll

Illustrated notes

Levels and vault maps discovered:
D:1:      beargit_arrival_greenhouse, layout_basic, serial_shops, shop,
          serial_bayou_crossing
D:2:      layout_loops_corners, chequers_serial_rivers_small_3
D:3:      layout_basic, dreamdust_ecumenical_altar_angels_and_demons,
          gammafunk_ghost_necromancy, serial_shops, shop_fountains,
          kennysheep_generic_room_4
D:4:      layout_cave_pods, cheibriados_altar_1, minmay_stone_trees_small,
          minmay_liquid_box, grunt_ministairs_9
D:5:      layout_rooms, trog_antimagical
D:6:      layout_cave_pools, nicolae_qazlal_style_of_elements,
          mainiacjoe_overflow_alcove_4, minmay_temple_entry_arrows,
          uniq_prince_ribbit1
D:7:      layout_basic, mainiacjoe_overflow_concentric_impassable,
          nicolae_vehumet_altar_sigil, serial_curves, eino_curves_03,
          eino_curves_02, eino_curves_01, eino_curves_01
Temple:   corrupted_temple

Skill      XL: |  1  2  3  4  5  6  7  8 |
---------------+-------------------------+-----
Fighting       | 1 2 4 5 8 |  8.3
Ice Magic      | 5 |  5.3
Short Blades   | 2 6 |  6.1
Stealth        | 3 |  3.0
Spellcasting   | 3 |  3.0
Shields        | 2 |  2.9
Dodging        | |  2.6

Action                   |  1- 3 |  4- 6 |  7- 9 || total
-------------------------+-------+-------+-------++-------
Melee: Rapier            |     5 |    44 |   127 ||   176
       Punch             |       |       |     1 ||     1
Throw: Stone             |     4 |       |       ||     4
       Javelin           |       |       |     5 ||     5
 Cast: Freeze            |    51 |    48 |    50 ||   149
       Frozen Ramparts   |       |     2 |     1 ||     3
       Ozocubu's Armour  |       |     1 |     1 ||     2
Evoke: Wand              |       |       |     4 ||     4
  Use: Scroll            |     1 |     7 |     3 ||    11
       Potion            |       |     2 |     4 ||     6
 Stab: Sleeping          |     1 |     3 |       ||     4
       Paralysed         |       |       |     1 ||     1
Armor: Robe              |    32 |    17 |    51 ||   100
Dodge: Dodged            |    73 |    53 |    99 ||   225
       Repelled          |       |       |     1 ||     1
Block: Tower shield      |       |       |    31 ||    31

Table legend: (Time is in decaauts)
 A = Elapsed time spent in this place.
 B = Non-inter-level travel time spent in this place.
 C = Inter-level travel time spent in this place.
 D = Time resting spent in this place.
 E = Time spent auto-exploring this place.
 F = Levels seen in this place.
 G = Mean time per level.
                   A        B        C        D        E       F      G
               +--------+--------+--------+--------+--------+-----+--------+
         Total |   9264 |   8626 |    638 |   2431 |   4720 |   8 | 1158.0 |
       Dungeon |   9084 |   8452 |    632 |   2331 |   4710 |   7 | 1297.7 |
        Temple |    180 |    174 |      6 |    100 |     10 |   1 |  180.0 |
               +--------+--------+--------+--------+--------+-----+--------+

Top non-repeatable levels by time:
     D:1: 1721 daAuts
     D:4: 1605 daAuts
     D:5: 1534 daAuts
     D:6: 1486 daAuts
     D:2: 1381 daAuts
     D:3: 1210 daAuts
  Temple: 180 daAuts
     D:7: 145 daAuts
